 Dungeon Crawl Stone Soup version bcrawl-1.15.1 (webtiles) character file.

Game seed: 4510534201535636002

60 F1n1sh3r the Grave Robber (level 3, 0/25 HPs)
             Began as a Vampire Necromancer on Oct 2, 2019.
             Succumbed to an adder's poison
             ... on level 2 of the Dungeon.
             The game lasted 00:28:21 (2279 turns).

F1n1sh3r the Grave Robber (Vampire Necromancer)     Turns: 2279, Time: 00:28:22

Health: 0/25       AC:  6    Str: 10 (11) XL:     3   Next: 82%
Magic:  5/6        EV: 12    Int: 11 (14) God:
Gold:   144        SH:  0    Dex: 12 (13) Spells: 4/6 levels left

rFire    + . .     SeeInvis +   h - +1 whip
rCold    + . .     Gourm    .   (no shield)
rNeg     + . .     Faith    .   e - +1 robe
rPois    +         Spirit   .   (no helmet)
rElec    +         Reflect  .   (no cloak)
rCorr    +         Harm     .   (no gloves)
MR       .....                  (no boots)
Stlth    +++.......             (no amulet)
HPRegen  0.08/turn              p - +3 ring of protection
MPRegen  0.10/turn              (no ring)

@: lethally poisoned (0 -> -5), resistant
A: claws 1, fangs 3, see invisible, dopey 1, screaming 1, unbreathing, sturdy
frame 1
a: no special abilities


You were on level 2 of the Dungeon.
You were not thirsty.

You visited 1 branch of the dungeon, and saw 2 of its levels.

You collected 144 gold pieces.

Inventory:

Hand Weapons
 a - a +0 dagger
 f - a +0 club
 g - a +0 dagger
 h - a +1 whip (weapon)
 n - a +0 whip
 q - a +0 whip
 r - a cursed +0 hunting sling
Missiles
 j - 360 poisoned needles
 k - 368 stones (quivered)
 l - 425 arrows
Armour
 b - a +0 robe
 c - a +0 ring mail
 e - a +1 robe (worn)
 m - a +0 leather armour
 o - a +0 ring mail
Jewellery
 p - a +3 ring of protection (left claw)
Wands
 s - a wand of polymorph (7)
Potions
 d - 12 potions of blood
Comestibles
 i - 2 rations {!d}


   Skills:
 + Level 0.4 Fighting
 + Level 1.0 Short Blades
 + Level 0.9 Maces & Flails
 + Level 2.3 Dodging
 + Level 3.7 Stealth
 + Level 2.3 Spellcasting
 + Level 5.1 Necromancy


You had 4 spell levels left.
You knew the following spells:

 Your Spells              Type           Power        Failure   Level  Hunger
a - Pain                  Necr           ##..         3%          1    ##.....
b - Animate Skeleton      Necr           N/A          3%          1    ##.....

Your spell library contained the following spells:

 Spells                   Type           Power        Failure   Level  Hunger
 Vampiric Draining        Necr           ##........   11%         3    ####...
 Regeneration             Chrm/Necr      #.........   30%         3    ####...
 Animate Dead             Necr           N/A          34%         4    #####..
 Bolt of Draining         Conj/Necr      #.........   95%         5    ######.


Dungeon Overview and Level Annotations

Branches:
Dungeon (2/12)

Altars:


Innate Abilities, Weirdness & Mutations

You have sharp fingernails.
You have razor-sharp teeth.
You have supernaturally acute eyesight. (SInv)
You can survive without breathing.
You are dopey. (Int -2)
You occasionally shout uncontrollably at your foes.
Your movements are slightly less encumbered by armour. (ER -2)


Message History

Press: ? - help, Shift-Dir - straight line, f - adder
Aim: an adder (almost dead, chance to defeat MR: 76%)
The adder writhes in agony.
You kill the adder!
You feel your dexterity returning.
Casting: Pain (safe; 3% risk of failure)
Confirm with . or Enter, or press ? or * to list all spells.
Okay, then.
Yummy - fresh blood!
* * * LOW HITPOINT WARNING * * *
You feel sick.
* * * LOW HITPOINT WARNING * * *
You feel sick.
You see here a lumpy green potion.
t - a lumpy green potion
* * * LOW HITPOINT WARNING * * *
You feel sick.
It was a potion of resistance.
You feel protected.
You die...

# #.....# #.#
#######.....#
#.#
.....######.#
#.# ####.# #.#
##.# #.# #.#
#..# #.# #
####.## #.#
#.###### ##....#
#.# #.#....##
#...#.# #.#
#.....@.#
#...###
#.########.#####
##+##
#..........#
############


There were no monsters in sight!

Vanquished Creatures
  An adder (D:2)
  2 dart slugs
  A leopard gecko (D:2)
  A giant cockroach (D:1)
  5 hobgoblins
  4 jackals (D:2)
  A quokka (D:2)
  4 bats
  2 frilled lizards
  3 goblins (D:1)
  9 kobolds
  6 rats
39 creatures vanquished.

Vanquished Creatures (collateral kills)
  A dart slug (D:1)
  2 leopard geckos (D:1)
  A ball python (D:1)
4 creatures vanquished.

Grand Total: 43 creatures vanquished

Notes
Turn   | Place    | Note
-------+----------+-------------------------------------------
     0 | D:1      | F1n1sh3r the Vampire Necromancer began the quest for the
                  | Orb.
     0 | D:1      | Reached XP level 1. HP: 13/13 MP: 3/3
     6 | D:1      | Learned a level 1 spell: Animate Skeleton
   295 | D:1      | Reached XP level 2. HP: 7/19 MP: 5/5
  1414 | D:1      | Reached skill level 1 in Short Blades
  1435 | D:1      | Reached skill level 5 in Necromancy
  1508 | D:1      | Reached XP level 3. HP: 23/25 MP: 3/6
  2140 | D:2      | Gained mutation: You occasionally shout uncontrollably at
                  | your foes. [potion of mutation]
  2140 | D:2      | Gained mutation: You are dopey. (Int -2) [potion of
                  | mutation]
  2140 | D:2      | Gained mutation: Your movements are slightly less
                  | encumbered by armour. (ER -2) [potion of mutation]
  2275 | D:2      | HP: 1/25 [poisoned by an adder]
  2279 | D:2      | Succumbed to an adder's poison

Skill      XL: |  1  2 |
---------------+-------+-----
Short Blades   | 1 |  1.0
Necromancy     | 5 |  5.1
Fighting       | |  0.4
Maces & Flails | |  0.9
Dodging        | |  2.3
Stealth        | |  3.7
Spellcasting   | |  2.3

Action                   || total
-------------------------++-------
Melee: Dagger            ||    23
       Whip              ||    91
       Bite              ||     6
 Cast: Pain              ||    25
       Animate Skeleton  ||     6
  Use: Potion            ||    16
       Scroll            ||     4
 Stab: Sleeping          ||     4
Armor: Robe              ||    32
Dodge: Dodged            ||    78
